 Dungeon Crawl Stone Soup version 0.17.1-1-g73c8601 (webtiles) character file.

328 JustSomeDude the Insei (level 6, -4/48 HPs)
             Began as a Demonspawn Monk on Dec 25, 2015.
             Slain by an orc warrior
             ... wielding a +0 war axe
              (16 damage)
             ... on level 4 of the Dungeon.
             The game lasted 00:09:20 (3679 turns).

JustSomeDude the Insei (Demonspawn Monk)            Turns: 3679, Time: 00:09:20

Health: -4/48      AC: 13    Str: 11      XL:     6   Next: 25%
Magic:  6/6        EV: 14    Int: 14 (17) God:
Gold:   154        SH:  0    Dex: 17      Spells: 0 memorised, 5 levels left

rFire  + . .     SeeInvis .     t - +2 dagger (speed)
rCold  + + .     Clarity  .     i - +0 leather armour
rNeg   . . .     SustAt   .     (no shield)
rPois  +         Gourm    .     (no helmet)
rElec  +         Spirit   .     (no cloak)
rCorr  +         Warding  .     a - +1 pair of gloves
rMut   .         Stasis   .     (no boots)
MR     .....                    (no amulet)
Stlth  +++.......               (no ring)
                                x - +5 ring of protection

@: brilliant, resistant, not resistant to hostile enchantments, fairly stealthy
A: talons 1, slimy green scales 2, cold resistance 1, nightstalker 1
a: no special abilities


You were on level 4 of the Dungeon.
You were very hungry.

You visited 1 branch of the dungeon, and saw 4 of its levels.

You collected 154 gold pieces.

Inventory:

Hand Weapons
 l - a +0 hand axe
 t - a +2 dagger of speed (weapon)
 A - a +0 arbalest
Missiles
 w - 143 stones
 y - 6 javelins (quivered)
Armour
 a - a +1 pair of gloves (worn)
 i - a +0 leather armour (worn)
Jewellery
 x - a +5 ring of protection (left hand)
Scrolls
 d - a scroll of fear {unknown}
 f - a scroll of enchant weapon {unknown}
 g - 2 scrolls of recharging {unknown}
 k - a scroll of immolation {unknown}
 m - a scroll of teleportation {unknown}
 p - a scroll of amnesia {unknown}
 s - a scroll of enchant armour {unknown}
 z - a scroll of identify {unknown}
Miscellaneous
 v - a plain deck of summoning
Comestibles
 b - 3 bread rations
 o - 3 fruits
 r - 3 meat rations


   Skills:
 + Level 3.8 Fighting
 * Level 2.1 Short Blades
 + Level 0.1 Throwing
 - Level 0.8 Armour
 + Level 4.0 Dodging
 + Level 3.4 Stealth
 - Level 4.0 Unarmed Combat


You had 5 spell levels left.
You didn't know any spells.

Dungeon Overview and Level Annotations

Branches:
Dungeon (4/15)
 Temple: D:4-7

Altars:
Gozag
Nemelex Xobeh

Shops:
D:4 }


Innate Abilities, Weirdness & Mutations

You are mostly covered in slimy green scales (AC +3).
Your flesh is cold resistant.
You are slightly more attuned to the shadows.
You have sharp toenails.


Message History

You feel dopey.
The orc warrior hits you with a war axe.
* * * LOW HITPOINT WARNING * * *
You barely miss the orc warrior.
You claw the orc warrior, but do no damage.
The orc warrior closely misses you.
You hit the orc warrior but do no damage.
You claw the orc warrior, but do no damage.
You hit the orc warrior.
You claw the orc warrior, but do no damage.
The orc warrior is lightly wounded.
The orc warrior closely misses you.
You closely miss the orc warrior.
You claw the orc warrior, but do no damage.
The orc warrior is lightly wounded.
You hit the orc warrior but do no damage.
You claw the orc warrior, but do no damage.
The orc warrior is lightly wounded.
The orc warrior hits you with a war axe!
You die...

####.......# #.###########.
#.......# #######.## #.
#.......###........# #######.
###...........#####..# #.......
##.........##### #..# #.#####.
...........# #..# #.# #.
##.........# #..# #.# #.
###....#.##########..####.#####.
####....#.......@oo..............
....#.#.#.#.######)........>.....
............######....####.#.....
................#.....# #...#...
........###.....#.....######...#.
....#...###.##..##..#....# ##.##
#.###...##...#..##.#..##.# #.#
#.###......_....[..##.##.####.##.
#.....#..#...##....##.##.........


You could see an orc warrior and an orc.

Vanquished Creatures
  An ogre (D:4)
  An orc priest (D:4)
  An orc wizard (D:4)
  A giant frog skeleton (D:4)
  A worker ant (D:4)
  3 adders (D:3)
  An ooze (D:2)
  A worm (D:3)
  2 giant geckos
  6 orcs
  8 bats
  5 giant cockroaches
  8 hobgoblins
  12 kobolds
  2 quokkas
  5 giant newts
  9 goblins
  3 jackals (D:1)
  A quokka skeleton (D:4)
  8 rats
79 creatures vanquished.

Notes
Turn   | Place    | Note
--------------------------------------------------------------
     0 | D:1      | JustSomeDude the Demonspawn Monk began the quest for the Orb.
     0 | D:1      | Reached XP level 1. HP: 18/18 MP: 1/1
   126 | D:1      | Gained mutation: You are slightly more attuned to the shadows. [demonic ancestry]
   126 | D:1      | Reached XP level 2. HP: 13/24 MP: 2/2
   519 | D:1      | Reached skill level 4 in Unarmed Combat
   981 | D:2      | Gained mutation: You are partially covered in slimy green scales (AC +2). [demonic ancestry]
   981 | D:2      | Reached XP level 3. HP: 8/29 MP: 3/3
  2141 | D:3      | Gained mutation: You are mostly covered in slimy green scales (AC +3). [demonic ancestry]
  2141 | D:3      | Reached XP level 4. HP: 28/35 MP: 4/4
  2145 | D:3      | Found a sparkling altar of Nemelex Xobeh.
  2482 | D:3      | Reached skill level 1 in Short Blades
  2770 | D:4      | Found Asopiz's Gadget Shop.
  2877 | D:4      | Gained mutation: Your flesh is cold resistant. [demonic ancestry]
  2877 | D:4      | Reached XP level 5. HP: 41/41 MP: 5/5
  3077 | D:4      | Found an opulent altar of Gozag.
  3079 | D:4      | Noticed an ogre
  3125 | D:4      | Killed an ogre
  3465 | D:4      | Reached XP level 6. HP: 18/48 MP: 6/6
  3646 | D:4      | Noticed an orc warrior
  3670 | D:4      | Gained mutation: You have sharp toenails. [potion of beneficial mutation]
  3679 | D:4      | Slain by an orc warrior

Action                   |  1- 3 |  4- 6 || total
-------------------------+-------+-------++-------
Melee: Unarmed           |    79 |       ||    79
       Hand axe          |    36 |       ||    36
       Dagger            |    71 |   176 ||   247
Throw: Javelin           |       |     3 ||     3
  Use: Scroll            |       |     2 ||     2
       Potion            |       |     8 ||     8
 Stab: Sleeping          |    10 |     6 ||    16
  Eat: Chunk             |     2 |     2 ||     4
       Fruit             |     1 |       ||     1
       Beef jerky        |     1 |       ||     1
       Pizza             |       |     1 ||     1
